cohdb
Replays
Latest Replays
All Replays
Popular Replays
Top Player Replays
Match Explorer
How It Works
Community
CoH3 Stats
Reddit
Sign in to upload your games and track your stats! →
Sign in with Steam
Match 43913696
Unlisted
Match 43913696
Overview
Messages
Build Orders
End
Panzergrenadier Squad
Panzergrenadier Squad
250 Light Carrier
Construct Light Support Kompanie
2.5-tonne Medical Truck
Fire Support Elements
le.IG 18 Support Gun Team
Panzerjäger Squad
Panzergrenadier Squad
Panzerjäger Squad
Selects Armored Support Battlegroup
Selects Veteran Gunners
Veteran Squad Leaders
Selects Flammpanzer III Medium Tank
Flammpanzer III Medium Tank
Forward Retreat Point
Construct Panzerarmee Kommand
Selects Command Panzer IV F Medium Tank
ElaGiwrgi
max 228
我是只会框A的废物
Dahlian
Bish Bash Bosh
Humbarwhy
0
0
Comments
sign in to comment!
No comments posted yet!